Map: Kairos Junction LE

Players

Yocto - Winner!

  • Race: Zerg Zerg
  • League: Platinum
  • Spawn Location: 5:00

Gal

  • Race: Protoss Protoss
  • League: Platinum
  • Spawn Location: 11:00

VOD

Have the link to the VOD?

Description

Time

  • Played on: Dec. 21, 2018, 9:50 a.m.
  • Length: 6:35
Show
View Real Time Build Order
Export as new Build Order

Yocto Zerg - Winner!

Build Orders: Hatch First 

Get SALT Encoding   

  12  0:01  Drone  
  13  0:22  Overlord  
  13  0:23  Drone  
  13  0:28  Extractor  
  13  0:32  Extractor, Drone  
  13  0:34  Drone  
  16  0:45  Drone  
  17  1:03  Hatchery, Drone  
  17  1:05  Extractor  
  16  1:23  Drone x2  
  18  1:29  Spawning Pool  
  17  2:00  Drone  
  18  2:02  Drone  
  18  2:03  Hatchery  
  18  2:08  Drone  
  19  2:24  Zergling x4  
  19  2:27  Drone x2  
  19  2:29  Metabolic Boost  
  23  2:39  Drone x2  
  25  2:53  Overlord  
  25  2:55  Queen  
  27  3:04  Overlord  
  27  3:11  Queen  
  29  3:19  Drone  
  31  3:20  Drone x5  
  35  3:31  Baneling Nest  
  34  3:36  Drone  
  34  3:37  Drone x3  
  38  3:43  Queen  
  40  3:54  Extractor  
  39  3:59  Drone  
  39  4:00  Drone x4  
  44  4:12  Overlord x3  
  44  4:22  Drone  
  44  4:23  Zergling x10  
  50  4:34  Zergling x10  
  50  4:35  Zergling x4  
  57  4:48  Zergling x6  
  60  5:00  Overlord x3  
  60  5:05  Zergling x10  
  65  5:18  Zergling x6  
  68  5:26  Zergling x4  
  70  5:32  Baneling x5  
  70  5:33  Baneling x5  
  70  5:34  Zergling x6  
  70  5:35  Zergling x14  
  80  5:39  Zergling x2  
  80  5:41  Baneling x6  
  80  5:42  Baneling x5  
  81  5:44  Zergling x4  
  81  5:47  Baneling x4  
  81  5:48  Baneling  
  83  5:58  Zergling x8  
Show
View Real Time Build Order
Export as new Build Order

Gal Protoss 

Build Orders:  

Get SALT Encoding   

  12  0:01  Probe  
  13  0:13  Probe  
  14  0:18  Pylon  
  14  0:25  Probe  
  15  0:35  Probe  
  15  0:40  Gateway  
  16  0:45  Probe  
  17  0:53  Forge  
  17  1:00  Probe, Assimilator  
  18  1:14  Pylon  
  18  1:22  Probe  
  19  1:27  Zealot  
  21  1:37  Gateway  
  21  1:38  Gateway  
  21  1:50  Probe  
  22  2:08  Nexus  
  22  2:18  Cybernetics Core  
  22  2:30  Photon Cannon  
  22  2:38  Pylon  
  22  2:43  Probe  
  23  2:55  Warp Gate, Stalker  
  25  3:00  Assimilator  
  25  3:04  Probe  
  26  3:05  Stalker  
  28  3:14  Stalker  
  28  3:19  Probe  
  31  3:25  Probe  
  32  3:27  Zealot  
  34  3:35  Probe  
  35  3:42  Probe  
  35  3:43  Probe, Stalker  
  39  3:50  Probe  
  39  3:51  Probe  
  41  4:00  Probe, Stalker  
  41  4:01  Probe  
  43  4:07  Zealot  
  47  4:12  Pylon  
  47  4:21  Pylon  
  47  4:28  Pylon  
  47  4:30  Probe  
  47  4:31  Probe  
  49  4:37  Robotics Facility  
  49  4:42  Twilight Council  
  49  5:07  Photon Cannon  
  49  5:09  Stargate  
  49  5:16  Probe x2  
  49  5:19  Assimilator  
  51  5:21  Assimilator  
  51  5:22  Templar Archives  
  51  5:25  Zealot x3  
  57  5:32  Probe x2  
  59  5:40  Probe x2  
  59  5:41  Observer  
  62  5:51  Zealot x2  
  66  6:15  Photon Cannon  
  54  6:22  Zealot x2  
Tags
 
Matchup
PvZ
Replay Pack
Yocto
Spawn Locations
Cross Positions
Add a new tag
Caveats
  • Supply blocks, unpowered buildings, or Contaminate may cause inaccurate times.
  • Supply counts are checked every 10 seconds.